 Dungeon Crawl Stone Soup version 0.29.1-1-gd02db6906a (webtiles) character file.

Game seed: 16926214571088795335

1685 FastidiousMonk the Fighter (level 9, -3/63 HPs)
             Began as a Gargoyle Berserker on Oct 6, 2022.
             Was a Priest of Trog.
             Slain by Du3lingdragon's ghost (5 damage)
             ... on level 7 of the Dungeon.
             The game lasted 00:39:47 (7403 turns).

FastidiousMonk the Fighter (Gargoyle Berserker)     Turns: 7403, Time: 00:39:48

Health: -3/63      AC: 22    Str: 27    XL:     9   Next: 2%
Magic:  9/9        EV: 14    Int:  8    God:    Trog [***...]
Gold:   373        SH:  0    Dex: 13    Spells: 8/8 levels left

rFire   . . .      SeeInvis .   a - +3 short sword (venom)
rCold   . . .      Faith    .   (no shield)
rNeg    + . .      Spirit   .   G - +1 chain mail {Will+}
rPois   ∞          Reflect  .   w - +0 helmet
rElec   +          Harm     .   z - +1 cloak
rCorr   .          Rampage  .   (no gloves)
Will    +....                   t - +2 pair of boots {Fly}
Stlth   ..........              (no amulet)
HPRegen 0.20/turn               g - +4 ring of evasion
MPRegen 0.11/turn               l - +6 ring of strength

@: on berserk cooldown, flying, slowed, very slow
A: sickness immunity, AC +6, negative energy resistance 1, electricity
resistance, torment resistance 1, petrification resistance
a: Renounce Religion, Berserk, Trog's Hand


You were on level 7 of the Dungeon.
You worshipped Trog.
Trog was most pleased with you.
You visited 1 branch of the dungeon, and saw 7 of its levels.

You collected 373 gold pieces.

Inventory:

Hand Weapons
 a - a +3 short sword of venom (weapon)
 b - a +0 sling
 v - a +0 sling
 y - a +4 quarterstaff of chaos
 D - a +0 shortbow of flaming
Missiles
 r - 28 stones
 B - a boomerang
 J - 5 javelins (quivered)
Armour
 d - a +2 leather armour of fire resistance
 t - a +2 pair of boots of flying (worn)
 w - a +0 helmet (worn)
 x - a +0 troll leather armour
 z - a +1 cloak (worn)
 G - a +1 chain mail of willpower (worn)
Jewellery
 g - a +4 ring of evasion (left hand)
 l - a +6 ring of strength (right hand)
 I - a +4 ring of evasion
Wands
 o - a wand of polymorph (4)
 C - a wand of iceblast (14)
 K - a wand of mindburst (15)
Scrolls
 c - 2 scrolls of enchant weapon
 i - 2 scrolls of magic mapping
 k - a scroll of amnesia {unknown}
 n - 2 scrolls of teleportation
 p - a scroll of summoning {unknown}
 s - 2 scrolls of blinking {unknown}
 u - 2 scrolls of butterflies {unknown}
 A - a scroll of brand weapon {unknown}
 F - 2 scrolls of immolation {unknown}
 H - a scroll of acquirement {unknown}
Potions
 e - 2 potions of heal wounds
 f - a potion of might {unknown}
 h - 2 potions of lignification {unknown}
 j - 2 potions of brilliance
 m - 3 potions of curing
 q - a potion of cancellation {unknown}
 E - a potion of invisibility {unknown}
 L - a potion of berserk rage {unknown}


   Skills:
 * Level 10.5 Fighting
 - Level 3.0 Maces & Flails
 - Level 2.1 Armour
 + Level 5.5 Dodging


You had 8 spell levels left.
You didn't know any spells.
Your spell library contained the following spells:

 Spells                   Type           Power      Damage    Failure   Level
 Apportation              Tloc           0%         N/A       95%         1
 Scorch                   Fire           0%         2d5       99%         2
 Ozocubu's Armour         Ice            0%         N/A       100%        3
 Flame Wave               Conj/Fire      0%         2d4       100%        4
 Alistair's Intoxication  Tmut/Pois      0%         N/A       100%        5
 Summon Cactus Giant      Summ           0%         N/A       100%        6
 Ozocubu's Refrigeration  Ice            0%         4d7       100%        7


Dungeon Overview and Level Annotations

Branches:
Dungeon (7/15)             Temple (0/1) D:4

Altars:
Elyvilon
Hepliaklqana
Trog
Wu Jian

Shops:
D:2 !   D:6 =   D:7 *

Annotations:
D:1 Altars-UnknownGod, D:2 Shop(Potion), D:3 RunedDoor
D:4 EcumenicalTemple,RunedDoor,Altars-Hepliaklqana
D:5 Altars-Elyvilon, D:7 RunedDoor,Altars-WuJianCouncil,Trog, Du3lingdragon's ghost, novice MiFi


Innate Abilities, Weirdness & Mutations

You are immune to sickness and miasma.
Your stone body is resilient. (AC +6)
You are immune to poison.
You resist negative energy. (rN+)
You are resistant to electric shocks. (rElec)
You are resistant to unholy torment.
You are immune to petrification.


Message History

You closely miss Du3lingdragon's ghost.
Du3lingdragon's ghost is moderately damaged.
Du3lingdragon's ghost hits you but does no damage. x2
You hit Du3lingdragon's ghost.
Du3lingdragon's ghost is moderately damaged.
Du3lingdragon's ghost hits you!
* * * LOW HITPOINT WARNING * * *
Du3lingdragon's ghost hits you.
* * * LOW HITPOINT WARNING * * *
It was a potion of heal wounds.
You feel much better. Du3lingdragon's ghost misses you.
You completely miss Du3lingdragon's ghost.
Du3lingdragon's ghost is moderately damaged.
Du3lingdragon's ghost hits you but does no damage. x2
You hit Du3lingdragon's ghost.
Du3lingdragon's ghost is moderately damaged.
Du3lingdragon's ghost hits you!
You barely miss Du3lingdragon's ghost.
Du3lingdragon's ghost is moderately damaged.
Du3lingdragon's ghost misses you. Du3lingdragon's ghost hits you!
* * * LOW HITPOINT WARNING * * *
You miss Du3lingdragon's ghost.
Du3lingdragon's ghost is moderately damaged.
Du3lingdragon's ghost hits you but does no damage. x2
You barely miss Du3lingdragon's ghost.
Du3lingdragon's ghost is moderately damaged.
Du3lingdragon's ghost hits you!
* * * LOW HITPOINT WARNING * * *
You hit Du3lingdragon's ghost.
You punch Du3lingdragon's ghost, but do no damage.
Du3lingdragon's ghost is moderately damaged.
Du3lingdragon's ghost hits you but does no damage.
Du3lingdragon's ghost laughs crazily.
Du3lingdragon's ghost barely misses you.
You hit Du3lingdragon's ghost but do no damage.
Du3lingdragon's ghost is moderately damaged.
Du3lingdragon's ghost hits you.
* * * LOW HITPOINT WARNING * * *
Du3lingdragon's ghost hits you.
You die...

#.........#####.#### ##### #.#
#.#####.#### #.# #.# #.#
##.....####.# #####..
##.###....)).##..# #......
###..##...###...#.## #......
.........##⌠##....# #......
###.#...##...##...# #......
##.#..##..!..##..## #......
#..#..#⌠..♣...W@..#########....#
##.##..##..?..##.............#..#
.#.##...##...##...#.##########..#
.........##⌠##....#.# #...#
..##.##...###.....#.# #.#.#
.###...........#.#..# #.#.# ##
####.......##.#.## ##.#.# .#
#.#######..#.# ##..#.# .#
#...####..##.# #..##.#


You could see Du3lingdragon's ghost.

Vanquished Creatures
  A troll (D:5)
  The ghost of LustLizard the Trooper, an amateur DsFi (D:4)
  A water moccasin (D:5)
  A black bear (D:7)
  The ghost of sleeves the Charlatan, an amateur MeAr (D:4)
  The ghost of Icepheonix32 the Insei, an amateur MfTm (D:3)
  A centaur (D:5)
  2 bullfrogs (D:6)
  A scorpion (D:5)
  2 howler monkeys
  Crazy Yiuf (D:5)
  5 hounds
  An orc priest (D:7)
  3 iguanas
  A jelly (D:6)
  Ijyb (D:3)
  An orc wizard (D:6)
  11 adders
  6 gnolls
  2 white imps
  4 worms
  4 dart slugs
  11 orcs
  2 bats
  10 endoplasms
  5 giant cockroaches (D:5)
  6 goblins
  7 hobgoblins
  6 quokkas
  2 training dummies (D:7)
  4 ball pythons
  A frilled lizard (D:2)
  5 kobolds
  5 rats
116 creatures vanquished.

Vanquished Creatures (others)
  4 plants (D:3)
4 creatures vanquished.

Grand Total: 120 creatures vanquished

Notes
Turn   | Place    | Note
-------+----------+-------------------------------------------
     0 | D:1      | FastidiousMonk the Gargoyle Berserker began the quest for
                  | the Orb.
     0 | D:1      | Reached XP level 1. HP: 14/14 MP: 1/1
   425 | D:1      | Reached XP level 2. HP: 19/20 MP: 2/2
   595 | D:1      | Found a faded altar of an unknown god.
   842 | D:1      | Reached skill level 4 in Fighting
  1429 | D:2      | Reached XP level 3. HP: 19/24 MP: 3/3
  1754 | D:2      | Found Innafaps's Distillery.
  2014 | D:2      | Reached XP level 4. HP: 15/30 MP: 4/4
  2063 | D:2      | Reached ** piety under Trog
  2115 | D:2      | Reached skill level 5 in Fighting
  2585 | D:3      | Found a runed translucent door.
  2594 | D:3      | Noticed Icepheonix32's ghost (amateur MfTm)
  2705 | D:3      | Reached XP level 5. HP: 35/35 MP: 5/5
  2721 | D:3      | Found a runed translucent door.
  2957 | D:3      | Noticed Ijyb
  3295 | D:3      | Killed Ijyb
  3430 | D:3      | Killed Icepheonix32's ghost
  3431 | D:3      | Reached skill level 6 in Fighting
  3431 | D:3      | Reached XP level 6. HP: 17/41 MP: 6/6
  3804 | D:4      | Found a staircase to the Ecumenical Temple.
  3872 | D:4      | Found a runed translucent gate.
  3872 | D:4      | Found a runed translucent gate.
  3872 | D:4      | Found a runed translucent gate.
  3872 | D:4      | Noticed sleeves's ghost (amateur MeAr)
  3873 | D:4      | Noticed LustLizard's ghost (amateur DsFi)
  4553 | D:4      | Found a hazy altar of Hepliaklqana.
  4639 | D:4      | Killed sleeves's ghost
  4640 | D:4      | Reached skill level 7 in Fighting
  4657 | D:4      | Killed LustLizard's ghost
  4658 | D:4      | Reached XP level 7. HP: 17/48 MP: 7/7
  4965 | D:5      | Entered Level 5 of the Dungeon
  5086 | D:5      | Noticed a troll
  5101 | D:5      | Killed a troll
  5102 | D:5      | Reached skill level 8 in Fighting
  5348 | D:5      | Found a runed translucent door.
  5349 | D:5      | Noticed Crazy Yiuf
  5360 | D:5      | Killed Crazy Yiuf
  5361 | D:5      | Reached XP level 8. HP: 45/55 MP: 8/8
  5439 | D:5      | Reached skill level 9 in Fighting
  5459 | D:5      | Found a white marble altar of Elyvilon.
  6073 | D:6      | Found Ympih's Jewellery Boutique.
  6103 | D:6      | Reached skill level 5 in Dodging
  6104 | D:6      | Reached *** piety under Trog
  6352 | D:6      | Reached skill level 10 in Fighting
  6661 | D:7      | Found an ornate altar of the Wu Jian Council.
  6764 | D:7      | Found a runed translucent door.
  6766 | D:7      | Noticed Du3lingdragon's ghost (novice MiFi)
  6887 | D:7      | Reached XP level 9. HP: 63/63 MP: 9/9
  7056 | D:7      | Found a bloodstained altar of Trog.
  7277 | D:7      | Found Heyst's Assorted Antiques.
  7403 | D:7      | HP: 2/63 [Du3lingdragon's ghost (2)]
  7403 | D:7      | Slain by Du3lingdragon's ghost

Illustrated notes

Levels and vault maps discovered:
D:1:      wander_arrival_desolate, layout_basic, ebering_ecumenical_altar_box
D:2:      layout_basic, serial_shops, shop
D:3:      layout_rooms, ebering_ghost_sewer_f, serial_bayou_lake_a, uniq_ijyb
D:4:      layout_loops_cross, kennysheep_mini, minmay_temple_entry_purple_smoke,
          gammafunk_ghost_cemetery, hangedman_decor_growths
D:5:      layout_loops_ring, overflow_temple_1_default, gup_sewer_entry_pipe,
          serial_park_tiny_pond, hex_tiny, uniq_crazy_yiuf_cottage
D:6:      layout_rooms, serial_shops, shop
D:7:      dreamdust_elfheim, layout_rooms, nicolae_wu_jian_wuxing_cycle,
          mainiacjoe_overflow_alcove_2, serial_shops, nicolae_lakefront_shop,
          hellmonk_ghost_happy_afterlife

Skill      XL: |  1  2  3  4  5  6  7  8 |
---------------+-------------------------+-----
Fighting       | 4 5 6 7 8 10 | 10.5
Dodging        | 2 3 4 5 |  5.5
Maces & Flails | |  3.0
Armour         | |  2.1

Action                   |  1- 3 |  4- 6 |  7- 9 || total
-------------------------+-------+-------+-------++-------
Melee: Mace              |    22 |       |       ||    22
       Punch             |     2 |     2 |     2 ||     6
       Rapier            |    34 |       |       ||    34
       Short sword       |    55 |   176 |   270 ||   501
       Unarmed           |       |    15 |       ||    15
 Fire: Sling             |       |       |    12 ||    12
Throw: Stone             |     9 |     8 |       ||    17
Invok: Berserk           |       |     1 |     2 ||     3
  Use: Scroll            |       |       |     7 ||     7
       Potion            |       |       |     1 ||     1
Armor: Animal skin       |     5 |       |       ||     5
       Leather armour    |    35 |    38 |     6 ||    79
       Skin              |       |     1 |       ||     1
       Chain mail        |       |       |    57 ||    57
       Troll leather arm |       |       |    40 ||    40
Dodge: Dodged            |    63 |   116 |   237 ||   416
